 Dungeon Sprint DCSS version 0.30.1-9-gdf580d7c3d (webtiles) character file.

Game seed: 17469170577690161391

1331 Heoruswealwe the Impaler (level 8, 0/83 HPs)
             Began as a Minotaur Fighter on Oct 4, 2023.
             Was an Initiate of Gozag.
             Slain by a fire elemental (11 damage)
             ... summoned by a deep elf pyromancer
             ... in the Dungeon (Sprint IX: "|||||||||||||||||||||||||||||").
             The game lasted 00:04:13 (355 turns).

Heoruswealwe the Impaler (Minotaur Fighter)          Turns: 355, Time: 00:04:13

Health: 0/83       AC: 13    Str: 29    XL:     8   Next: 34%
Magic:  7/7        EV:  9    Int:  5    God:    Gozag
Gold:   603        SH:  0    Dex: 10    Spells: 7/7 levels left

rFire   . . .        b - +2 halberd (venom)
rCold   . . .        (shield currently unavailable)
rNeg    . . .        c - +0 chain mail
rPois   .            (helmet restricted)
rElec   .            (no cloak)
rCorr   .            f - +0 pair of gloves
SInv    .            (no boots)
Will    .....        (no amulet) Stlth
                     k - +3 ring of strength
HPRegen 0.33/turn    j - +3 ring of strength
MPRegen 0.10/turn

%: no teleportation
@: no status effects
A: horns 2, retaliatory headbutt
a: Renounce Religion, Potion Petition, Call Merchant, Bribe Branch


You were in the Dungeon.
You worshipped Gozag.
Gozag was pleased with you.
You visited 1 branch You collected 603 gold pieces.

Inventory:

Hand Weapons
 a - a +0 trident
 b - a +2 halberd of venom (weapon)
Armour
 c - a +0 chain mail (worn)
 d - a +0 buckler
 f - a +0 pair of gloves (worn)
Jewellery
 j - a +3 ring of strength (right hand)
 k - a +3 ring of strength (left hand)
Wands
 h - a wand of light (8)
Scrolls
 n - 2 scrolls of blinking
Potions
 e - 5 potions of curing
 g - a potion of haste
 i - a potion of berserk rage
 l - a potion of heal wounds
 m - a potion of might


   Skills:
 + Level 11.7 Fighting
 * Level 15.6 Polearms
 + Level 11.7 Armour
 - Level 3.6 Shields


You had 7 spell levels left.
You didn't know any spells.
Your spell library was empty.

Dungeon Overview and Level Annotations

Branches:
Dungeon (1/1)

Altars:
Cheibriados
Dithmenos
Elyvilon
Fedhas
Gozag
Hepliaklqana
Kikubaaqudgha
Makhleb
Nemelex Xobeh
Okawaru
Qazlal
Ru
Sif Muna
Trog
Uskayaw
Vehumet
Wu Jian
Xom
Yredelemnul
Zin
The Shining One
Jiyva
Lugonu


Innate Abilities, Weirdness & Mutations

You have a pair of horns on your head.
You reflexively headbutt those who attack you in melee.


Message History

Your headbutt misses the skeletal warrior.
The skeletal warrior is lightly damaged.
The deep elf pyromancer casts a spell.
The deep elf pyromancer blinks!
The skeletal warrior closely misses you.
You furiously retaliate!
You headbutt the skeletal warrior. You impale the skeletal warrior!!
The skeletal warrior is severely damaged.
The skeletal warrior hits you with a +0 short sword.
You puncture the skeletal warrior!
Your headbutt misses the skeletal warrior.
The skeletal warrior is almost destroyed.
The deep elf pyromancer hits you with a +0 short sword.
The skeletal warrior hits you but does no damage.
You hit the skeletal warrior.
The skeletal warrior is almost destroyed.
You closely miss the skeletal warrior.
Your headbutt misses the skeletal warrior.
The skeletal warrior is almost destroyed.
The skeletal warrior hits you with a +0 short sword!!
* * * LOW HITPOINT WARNING * * *
The deep elf pyromancer casts a spell.
The deep elf pyromancer blinks!
You hit the skeletal warrior but do no damage.
The skeletal warrior is almost destroyed.
The deep elf pyromancer is engulfed in blazing flames.
The skeletal warrior misses you.
You barely miss the skeletal warrior.
The skeletal warrior is almost destroyed.
The fire elemental hits you. The fire elemental burns you!
* * * LOW HITPOINT WARNING * * *
The skeletal warrior hits you but does no damage.
The deep elf pyromancer is engulfed in blazing flames.
The deep elf pyromancer mumbles some strange words.
The deep elf pyromancer blinks!
You hit the skeletal warrior but do no damage.
The skeletal warrior is almost destroyed.
The fire elemental hits you. The fire elemental burns you!
You die...
Your body crumbles into a pile of gold.

▓.▓
▓.▓
▓C▓
▓l▓
▓y▓
▓y▓
▓z▓
$
▓@▓
$
▓E▓
$ $
▓○▓
$
▓°▓
$
▓.▓
▓.▓
$
▓)▓
▓e▓
$
▓.▓


You could see a skeletal warrior, a cyclops, a deep elf pyromancer, a basilisk,
a fire elemental (summoned) and 2 vampire mosquitoes.

Vanquished Creatures
  A two-headed ogre (D)
  A kobold demonologist (D)
  2 yaks (D)
  A black bear (D)
  A kobold brigand (D)
  An orc priest (D)
  An adder (D)
  An ufetubus (D)
  2 orcs (D)
  An endoplasm (D)
  A quokka (D)
  A bat (D)
  A frilled lizard (D)
  A rat (D)
16 creatures vanquished.

Notes
Turn   | Place    | Note
-------+----------+-------------------------------------------
     0 | D        | Heoruswealwe the Minotaur Fighter began the quest for the
                  | Orb.
     0 | D        | Reached XP level 1. HP: 19/19 MP: 0/0
     6 | D        | Reached skill level 3 in Polearms
    21 | D        | Noticed a black bear
    23 | D        | Reached skill level 4 in Polearms
    27 | D        | Killed a black bear
    28 | D        | Reached skill level 7 in Polearms
    28 | D        | Reached XP level 2. HP: 17/31 MP: 1/1
    28 | D        | Reached XP level 3. HP: 20/38 MP: 2/2
    28 | D        | Reached XP level 4. HP: 24/45 MP: 3/3
    35 | D        | Reached skill level 8 in Polearms
    57 | D        | Found a snail-covered altar of Cheibriados.
    57 | D        | Found a shadowy altar of Dithmenos.
    57 | D        | Found a white marble altar of Elyvilon.
    57 | D        | Found a blossoming altar of Fedhas.
    57 | D        | Found an opulent altar of Gozag.
    58 | D        | Found a hazy altar of Hepliaklqana.
    59 | D        | Found a viscous altar of Jiyva.
    60 | D        | Found an ancient bone altar of Kikubaaqudgha.
    61 | D        | Found a corrupted altar of Lugonu.
    62 | D        | Found a burning altar of Makhleb.
    63 | D        | Found a sparkling altar of Nemelex Xobeh.
    64 | D        | Found an iron altar of Okawaru.
    65 | D        | Found a stormy altar of Qazlal.
    67 | D        | Became a worshipper of Gozag Ym Sagoz the Greedy
    69 | D        | Found a sacrificial altar of Ru.
    70 | D        | Found a shimmering blue altar of Sif Muna.
    71 | D        | Found a bloodstained altar of Trog.
    72 | D        | Found a hide-covered altar of Uskayaw.
    73 | D        | Found a radiant altar of Vehumet.
    74 | D        | Found an ornate altar of the Wu Jian Council.
    75 | D        | Found a shimmering altar of Xom.
    76 | D        | Found a basalt altar of Yredelemnul.
    77 | D        | Found a glowing silver altar of Zin.
    78 | D        | Found a glowing golden altar of the Shining One.
   128 | D        | Noticed a kobold demonologist
   128 | D        | Noticed a yak
   128 | D        | Noticed a two-headed ogre
   128 | D        | Noticed a kobold brigand
   128 | D        | Noticed a yak
   129 | D        | Noticed an ice devil
   131 | D        | Killed a yak
   132 | D        | Reached skill level 10 in Polearms
   132 | D        | Reached XP level 5. HP: 23/53 MP: 4/4
   137 | D        | Reached skill level 11 in Polearms
   137 | D        | Reached XP level 6. HP: 28/62 MP: 5/5
   143 | D        | Killed a two-headed ogre
   144 | D        | Reached skill level 10 in Fighting
   144 | D        | Reached skill level 14 in Polearms
   144 | D        | Reached skill level 10 in Armour
   144 | D        | Reached XP level 7. HP: 51/73 MP: 6/6
   147 | D        | Noticed a red devil
   148 | D        | Killed a yak
   149 | D        | Reached XP level 8. HP: 52/82 MP: 7/7
   151 | D        | Killed a kobold demonologist
   152 | D        | Reached skill level 15 in Polearms
   339 | D        | Noticed a cyclops
   339 | D        | Noticed a deep elf pyromancer
   339 | D        | Noticed a skeletal warrior
   355 | D        | Slain by a fire elemental

Illustrated notes

Levels and vault maps discovered:
D:        linesprint [early_d, line_temple, items_1, d_10, items_2, lair_1,
          lair_end, items_3, orc_1, orc_end, items_4, d_15, swamp_1, shoals_1,
          snake_1, spider_1, d_20, vaults_1, items_5, swamp_end, shoals_end,
          snake_end, spider_end, vaults_end, d_27, items_6, zot_1, zot_end,
          crypt_end, forest_end, elf_end, slime_end, tomb_end, abyss_end,
          pan_hell_end]

Skill      XL: |  1  2  3  4  5  6  7  8 |
---------------+-------------------------+-----
Polearms       | 7 10 11 14 15 | 15.6
Fighting       | 6 8 10 11 | 11.7
Armour         | 6 8 10 11 | 11.7
Shields        | |  3.6

Action                     |  1- 3 |  4- 6 |  7- 9 || total
---------------------------+-------+-------+-------++-------
  Melee: Trident           |    16 |     9 |       ||    25
         Headbutt          |     4 |     4 |     4 ||    12
         Halberd           |       |    13 |    21 ||    34
  Evoke: Wand              |       |       |     2 ||     2
    Use: Potion            |       |     2 |       ||     2
 Armour: Scale mail        |     4 |     2 |       ||     6
         Chain mail        |       |     5 |     4 ||     9
  Dodge: Dodged            |     6 |     6 |     4 ||    16
  Block: Buckler           |       |     1 |       ||     1
